 Dungeon Crawl Stone Soup version 0.18-a0-1789-gbeff17f (webtiles) character file.

84 vatarom the Covered (level 4, -4/37 HPs)
             Began as a Hill Orc Gladiator on Apr 21, 2016.
             Slain by a tentacled starspawn (23 damage)
             ... on level 1 of the Abyss.
             The game lasted 00:03:58 (1570 turns).

vatarom the Covered (Hill Orc Gladiator)            Turns: 1570, Time: 00:03:58

Health: -4/37      AC: 10    Str: 22    XL:     4   Next: 45%
Magic:  4/4        EV:  8    Int:  8    God:
Gold:   132        SH:  0    Dex:  8    Spells: 0 memorised, 3 levels left

rFire  . . .     SeeInvis .     a - +0 war axe
rCold  . . .     Gourm    .     g - +0 chain mail
rNeg   . . .     Faith    .     (no shield)
rPois  .         Spirit   .     c - +0 helmet
rElec  .         Dismiss  .     (no cloak)
rCorr  .         Reflect  .     (no gloves)
SustAt .         Harm     .     (no boots)
MR     .....                    (no amulet)
Stlth  ..........               i - -3 ring of dexterity (curse)
                                e - +4 ring of strength

@: not resistant to hostile enchantments, extremely unstealthy
A: no striking features
a: no special abilities


You were on level 1 of the Abyss.
You were not hungry.

You visited 1 branch of the dungeon, and saw 3 of its levels.
You visited the Abyss 1 time.

You collected 132 gold pieces.

Inventory:

Hand Weapons
 a - a +0 war axe (weapon)
Missiles
 d - a throwing net (quivered)
Armour
 b - a +0 leather armour
 c - a +0 helmet (worn)
 g - a +0 chain mail (worn)
Jewellery
 e - a +4 ring of strength (left hand)
 i - a cursed -3 ring of dexterity (right hand)
Scrolls
 j - a scroll of noise
 k - a scroll of teleportation


   Skills:
 - Level 2.4 Fighting
 - Level 4.0 Axes
 - Level 1.7 Throwing
 + Level 4.3 Armour
 - Level 2.4 Dodging


You had 3 spell levels left.
You didn't know any spells.

Dungeon Overview and Level Annotations

Branches:
Dungeon (3/15)

Altars:
Cheibriados

Annotations:
D:2 Terence
D:3 Sl000nik's ghost, amateur OpTm


Message History

A tentacled starspawn comes into view.
Tentacles burst from the starspawn's body! 2 starspawn tentacles come into view.
The starspawn tentacle barely misses you.
The starspawn tentacle barely misses you.
The starspawn tentacle grabs you. The starspawn tentacle constricts you.
You escape the starspawn tentacle's grasp.
A tentacle flies out from the starspawn's body!
A starspawn tentacle comes into view.
The starspawn tentacle grabs you. The starspawn tentacle constricts you.
The starspawn tentacle loses its grip on you.
The tentacle pulls you backwards! The starspawn tentacle grabs you.
The starspawn tentacle constricts you.
The starspawn tentacle loses its grip on you.
The tentacle pulls you backwards!
A large abomination comes into view.
Found a grey potion.
The tentacled starspawn bites you!!
Ouch! That really hurt!
You die...

.##. ...#
.#.# ... !.
## # ###.#.#
...
X#...##...#
#.#@...# ...#
#.#.X.## #..
#
#..##...##...
# #.##.#...#
.... ..
#.####....#
.# ... #.#..#
...# . #.#
##X..##...#
#. #
##.X..#####
#.# # #..
#.#..#. #..
.#


You could see a tentacled starspawn.

Vanquished Creatures
  Ijyb (D:2)
  An adder (D:2)
  2 oozes (D:1)
  A worm (D:2)
  A dart slug (D:2)
  A giant gecko (D:2)
  A giant cockroach (D:1)
  9 goblins
  3 hobgoblins (D:2)
  A quokka (D:2)
  4 bats
  3 giant newts
  5 kobolds
  3 rats (D:1)
36 creatures vanquished.

Vanquished Creatures (others)
  3 starspawn tentacles (Abyss:1)
  29 starspawn tentacle segments (Abyss:1)
32 creatures vanquished.

Grand Total: 68 creatures vanquished

Notes
Turn   | Place    | Note
--------------------------------------------------------------
     0 | D:1      | vatarom the Hill Orc Gladiator began the quest for the Orb.
     0 | D:1      | Reached XP level 1. HP: 18/18 MP: 1/1
   117 | D:1      | Reached skill level 1 in Armour
   117 | D:1      | Reached XP level 2. HP: 22/25 MP: 2/2
   513 | D:1      | Reached XP level 3. HP: 30/30 MP: 3/3
   719 | D:2      | Noticed Ijyb
   733 | D:2      | Killed Ijyb
   950 | D:2      | Found a snail-covered altar of Cheibriados.
   967 | D:2      | Reached XP level 4. HP: 27/37 MP: 4/4
  1457 | D:3      | Noticed Terence
  1462 | D:3      | Noticed Sl000nik's ghost (amateur OpTm)
  1468 | D:2      | Cast into level 1 of the Abyss (Terence)
  1553 | Abyss:1  | Noticed a large abomination
  1553 | Abyss:1  | Noticed a tentacled starspawn
  1569 | Abyss:1  | Noticed a large abomination
  1570 | Abyss:1  | Slain by a tentacled starspawn

Vault maps used:
D:1:      lemuel_arrival_lava_pool
D:2:      kennysheep_big_flooded_room, kennysheep_slug_shrine, kennysheep_nub,
          feat_on_display, uniq_iyjb
D:3:      kiku_gazebo_garden_becter, ecumenical_altar_2, hangedman_ru_absence,
          uniq_terence, uniq_crazy_yiuf_cottage

Skill      XL: |  1  2  3  4 |
---------------+-------------+-----
Armour         | 1 2 3 4 |  4.3
Fighting       | |  2.4
Axes           | |  4.0
Throwing       | |  1.7
Dodging        | |  2.4

Action                   |  1- 3 |  4- 6 || total
-------------------------+-------+-------++-------
Melee: War axe           |    74 |    52 ||   126
Throw: Throwing net      |     1 |     2 ||     3
  Use: Scroll            |     3 |     2 ||     5
       Potion            |     3 |     1 ||     4
  Eat: Bread ration      |       |     1 ||     1
       Chunk             |       |     1 ||     1
Armor: Leather armour    |    22 |       ||    22
       Chain mail        |    15 |    35 ||    50
Dodge: Dodged            |    54 |    28 ||    82
